 Dungeon Crawl Stone Soup version 0.27.1-3-gb3d3a73c9e (webtiles) character file.

Game seed: 343464537021296847

1171 belegose the Skirmisher (level 8, -4/70 HPs)
             Began as a Ghoul Abyssal Knight on Oct 26, 2021.
             Was a Priest of Lugonu.
             Slain by a gnoll (8 damage)
             ... on level 4 of the Dungeon.
             The game lasted 00:13:05 (6758 turns).

belegose the Skirmisher (Ghoul Abyssal Knight)      Turns: 6758, Time: 00:13:05

Health: -4/70      AC: 11    Str: 17    XL:     8   Next: 41%
Magic:  10/10      EV:  2    Int:  8    God:    Lugonu [***...]
Gold:   222        SH:  0    Dex: -2 (8) Spells: 7/7 levels left

rFire    . . .     SeeInvis .   a - +1 mace
rCold    + . .     Faith    .   (no shield)
rNeg     + + +     Spirit   .   f - +2 scale mail {rN+}
rPois    ∞         Reflect  .   (no helmet)
rElec    .         Harm     .   l - +0 cloak
rCorr    .         Rampage  .   m - +0 pair of gloves
Will     .....                  (no boots)
Stlth    ..........             (no amulet)
HPRegen  0.00/turn              (no ring)
MPRegen  0.12/turn              (no ring)

@: inhibited regen, slowed, lost dexterity, very slow
A: claws 1, cold resistance 1, negative energy resistance 3, inhibited
regeneration, torment resistance 2
a: Renounce Religion, Depart the Abyss, Bend Space, Banish


You were on level 4 of the Dungeon.
You worshipped Lugonu.
Lugonu was most pleased with you.
You visited 1 branch of the dungeon, and saw 5 of its levels.
You visited the Abyss 1 time.

You collected 242 gold pieces.
You spent 20 gold pieces at shops.

Inventory:

Hand Weapons
 a - a +1 mace (weapon)
Missiles
 b - 121 stones
 c - 18 poisoned darts
 d - 6 javelins (quivered)
Armour
 f - a +2 scale mail of positive energy (worn)
 l - a +0 cloak (worn)
 m - a +0 pair of gloves (worn)
Scrolls
 e - a scroll of fog
 g - a scroll of blinking {unknown}
 h - 3 scrolls of identify
 i - a scroll of torment
 k - a scroll of teleportation
 n - a scroll of silence {unknown}
Potions
 j - a potion of flight {unknown}


   Skills:
 + Level 5.7 Fighting
 + Level 4.2 Maces & Flails
 + Level 3.6 Throwing
 + Level 4.3 Armour
 - Level 0.8 Dodging
 + Level 5.0 Invocations


You had 7 spell levels left.
You didn't know any spells.
Your spell library contained the following spells:

 Spells                   Type           Power      Damage    Failure   Level
 Shock                    Conj/Air       0%         1d3       80%         1
 Swiftness                Air            0%         N/A       99%         3
 Airstrike                Air            0%         N/A       100%        4


Dungeon Overview and Level Annotations

Branches:
Dungeon (5/15)
 Temple: D:4-7

Altars:
Elyvilon
Fedhas
Nemelex Xobeh
Uskayaw
Yredelemnul
The Shining One

Shops:
D:4 ?


Innate Abilities, Weirdness & Mutations

You thrive by killing the living.
You are immune to poison.
You have sharp fingernails.
Your flesh is cold resistant. (rC+)
You are immune to negative energy. (rN+++)
You do not regenerate when monsters are visible.
You are immune to unholy pain and torment.


Message History

You hit the gnoll shaman but do no damage.
The gnoll shaman is moderately wounded.
The gnoll shaman hits you but does no damage.
The gnoll shaman hits you with a +0 club.
You hit the gnoll shaman.
The gnoll shaman is severely wounded.
The gnoll shaman hits you but does no damage.
You hit the gnoll shaman.
The gnoll shaman is severely wounded.
The gnoll shaman hits you but does no damage.
The gnoll shaman prays to its god.
The gnoll shaman is healed somewhat.
You hit the gnoll shaman but do no damage.
The gnoll shaman is heavily wounded.
The gnoll shaman hits you with a +0 club.
The gnoll shaman hits you but does no damage.
You barely miss the gnoll shaman.
The gnoll shaman is heavily wounded.
The gnoll shaman hits you with a +0 club!
The gnoll shaman hits you with a +0 club.
You hit the gnoll shaman.
The gnoll shaman is severely wounded.
The gnoll shaman hits you with a +0 club!
* * * LOW HITPOINT WARNING * * *
The gnoll shaman hits you but does no damage.
You hit the gnoll shaman but do no damage.
The gnoll shaman is severely wounded.
The gnoll shaman hits you with a +0 club!
* * * LOW HITPOINT WARNING * * *
You hit the gnoll shaman.
The gnoll shaman is almost dead.
The gnoll shaman hits you but does no damage. x2
You sock the gnoll shaman!
You kill the gnoll shaman!
Lugonu accepts your kill. The gnoll hits you with a +0 whip.
* * * LOW HITPOINT WARNING * * *
The gnoll hits you but does no damage.
You closely miss the gnoll. The gnoll hits you with a +0 whip!
You die...

#.###.#######
#......<.J..# ############
#.###.#####.#
..........'#############.#
.#####>####...≈...#......#
.# ##.## #._.≈§_.#####..#
.# #...###...≈...#####..##
.# #.....########'.......#
## #...#.# #..@g>)......#
#####.# #.#####..###.#
#########.# #.# #..# #.#
..........# #.#
#..###.##### ###########
#l# #..........#
######.#####.<###<###.#
#########...##........#
#.# #.#
............#####.#.#.#
#.# #.# #########...#
#.#.#.###.# #.#


You could see a gnoll (fast).

Vanquished Creatures
  Grinder (D:5)
  An ice beast (D:5)
  A water moccasin (D:5)
  An ogre (D:5)
  2 scorpions (D:4)
  2 bullfrog zombies (D:5)
  A quasit (D:4)
  A gnoll shaman (D:4)
  2 orc priests
  2 bullfrog skeletons (D:4)
  Jessica (D:2)
  2 iguanas (D:4)
  12 adders
  2 gnolls
  2 adder skeletons (D:4)
  A worm (D:2)
  3 dart slugs
  14 orcs
  9 ball pythons
  7 endoplasms
  2 giant cockroaches (D:1)
  13 goblins
  4 hobgoblins
  2 jackals (D:2)
  7 kobolds
  2 quokkas (D:1)
  4 bats
  6 frilled lizards
  A goblin zombie (D:5)
  2 kobold skeletons (D:5)
  2 kobold zombies (D:5)
  4 rats
116 creatures vanquished.

Notes
Turn   | Place    | Note
-------+----------+-------------------------------------------
     0 | Abyss:1  | belegose the Ghoul Abyssal Knight began the quest for the
                  | Orb.
     0 | Abyss:1  | Reached XP level 1. HP: 19/19 MP: 1/1
    35 | Abyss:1  | Noticed a guardian serpent
    39 | D:1      | Escaped the Abyss
   309 | D:1      | Reached * piety under Lugonu
   325 | D:1      | Reached XP level 2. HP: 19/26 MP: 2/2
   858 | D:1      | Found a faded altar of an unknown god.
   860 | D:1      | Reached XP level 3. HP: 31/31 MP: 3/3
  1323 | D:2      | Reached skill level 1 in Throwing
  1395 | D:2      | Found a sparkling altar of Nemelex Xobeh.
  1489 | D:2      | Reached ** piety under Lugonu
  1490 | D:2      | Reached XP level 4. HP: 40/40 MP: 4/4
  1841 | D:2      | Noticed Jessica
  1850 | D:2      | Killed Jessica
  2326 | D:3      | Reached XP level 5. HP: 36/46 MP: 6/6
  2629 | D:3      | Noticed an ogre
  3565 | D:4      | Found a hide-covered altar of Uskayaw.
  3565 | D:4      | Found a blossoming altar of Fedhas.
  3951 | D:4      | Reached XP level 6. HP: 51/53 MP: 7/7
  3966 | D:4      | Reached *** piety under Lugonu
  4790 | D:4      | Found Eseckaeq's Magic Scroll Boutique.
  4798 | D:4      | Bought a scroll of identify for 20 gold pieces
  4822 | D:4      | Reached XP level 7. HP: 59/60 MP: 8/8
  5044 | D:5      | Entered Level 5 of the Dungeon
  5085 | D:5      | Noticed Grinder
  5564 | D:5      | Reached skill level 5 in Fighting
  5638 | D:5      | Found a basalt altar of Yredelemnul.
  5714 | D:5      | Paralysed by Grinder for 6 turns
  5725 | D:5      | Killed Grinder
  5726 | D:5      | Reached XP level 8. HP: 44/69 MP: 10/10
  5904 | D:4      | Lost dexterity.
  6305 | D:5      | Reached skill level 5 in Invocations
  6758 | D:4      | Slain by a gnoll

Illustrated notes

Levels and vault maps discovered:
D:1:      tarquinn_simple_flora_water_f, layout_basic,
          shapermc_ecumenical_altar_petra
D:2:      layout_basic, basic_altar, glass_columns_a, grunt_ministairs_15,
          uniq_jessica
D:3:      layout_rooms, minmay_misc_feat_chi
D:4:      layout_loops_ring, mainiacjoe_overflow_divided_tiny, serial_shops,
          shop
D:5:      layout_rooms, lemuel_crystal_altar, marbit_many_paths,
          nicolae_tso_besieged_by_evil, uniq_grinder

Skill      XL: |  1  2  3  4  5  6  7  8 |
---------------+-------------------------+-----
Maces & Flails | 2 3 4 |  4.2
Armour         | 2 3 4 |  4.3
Throwing       | 1 2 3 |  3.6
Fighting       | 4 5 |  5.7
Invocations    | 3 4 5 |  5.0
Dodging        | |  0.8

Action                   |  1- 3 |  4- 6 |  7- 9 || total
-------------------------+-------+-------+-------++-------
Melee: Mace              |    87 |   276 |   162 ||   525
Throw: Dart              |       |       |     4 ||     4
       Javelin           |       |       |     2 ||     2
Invok: Depart the Abyss  |     1 |       |       ||     1
  Use: Scroll            |       |       |     9 ||     9
Armor: Scale mail        |    69 |   158 |   232 ||   459
Dodge: Dodged            |    49 |   178 |    95 ||   322
